 Dungeon Crawl Stone Soup version 0.26.1-11-gd32895ea62 (webtiles) character file.

Game seed: 3368691931726004275

261 ZorkoN the Ducker (level 5, -6/53 HPs)
             Began as a Troll Fighter on May 12, 2021.
             Was an Initiate of the Shining One.
             Killed by divine providence
             ... invoked by an orc priest
              (9 damage)
             ... on level 4 of the Dungeon.
             The game lasted 00:26:52 (2375 turns).

ZorkoN the Ducker (Troll Fighter)                   Turns: 2375, Time: 00:26:54

Health: -6/53      AC:  7    Str: 25    XL:     5   Next: 96%
Magic:  4/4        EV:  9    Int:  4    God:    the Shining One [......]
Gold:   129        SH:  9    Dex:  9    Spells: 4/4 levels left

rFire    x . .     SeeInvis +   w - +0 whip (flame)
rCold    + . .     Faith    .   c - +0 kite shield
rNeg     . . .     Spirit   .   o - +1 robe
rPois    .         Reflect  .   (helmet restricted)
rElec    .         Harm     .   (no cloak)
rCorr    .         Rampage  .   (gloves unavailable)
Will     .....                  (boots unavailable)
Stlth    +.........             (no amulet)
HPRegen  0.57/turn              i - ring of ice
MPRegen  0.09/turn              v - ring of see invisible

@: lethally poisoned (-6 -> -7), glowing
A: large, unfitting armour, claws 3, regeneration 1, shaggy fur 1, tough skin 3
a: Renounce Religion


You were on level 4 of the Dungeon.
You worshipped the Shining One.
The Shining One was noncommittal.
You visited 1 branch of the dungeon, and saw 4 of its levels.

You collected 129 gold pieces.

Inventory:

Hand Weapons
 a - a +0 war axe
 b - a +0 hand axe
 g - a +1 trident of flaming
 h - a +2 flail of protection
 j - a +0 dagger
 p - a +0 short sword
 r - a +0 club
 s - a +0 spear
 t - a +0 falchion
 w - a +0 whip of flaming (weapon)
 x - a +0 spear
 y - a +0 spear
Missiles
 f - 13 arrows
 q - 15 bolts
 B - 46 poisoned darts (quivered)
Armour
 c - a +0 kite shield (worn)
 o - a +1 robe (worn)
Jewellery
 i - a ring of ice (left claw)
 v - a ring of see invisible (right claw)
Scrolls
 k - 2 scrolls of identify
 n - a scroll of enchant armour
Potions
 d - a potion of might
 e - a potion of brilliance
 u - a potion of haste


   Skills:
 + Level 3.2 Fighting
 + Level 2.5(2.8) Axes
 + Level 1.7(2.6) Maces & Flails
 + Level 3.7 Dodging
 + Level 0.1 Stealth
 + Level 3.0 Shields


You had 4 spell levels left.
You didn't know any spells.
Your spell library was empty.

Dungeon Overview and Level Annotations

Branches:
Dungeon (3/15)

Altars:
Makhleb
Yredelemnul
The Shining One

Annotations:
D:4 Edmund, Pikel, Sigmund


Innate Abilities, Weirdness & Mutations

You are too large for most types of armour.
You have claws for hands.
Your natural rate of healing is unusually fast.
You are covered in fur. (AC +1)
You have extremely tough skin. (AC +3)


Message History

You hit the worker ant but do no damage.
The worker ant is moderately wounded.
The worker ant barely misses you.
You hit the worker ant. You burn the worker ant.
The worker ant is heavily wounded.
You feel sick. The worker ant barely misses you.
You hit the worker ant. You burn the worker ant.
The worker ant is severely wounded.
The worker ant closely misses you.
The worker ant bites you but does no damage.
You hit the worker ant. You burn the worker ant.
You kill the worker ant!
You feel sick.
You hit the lemure. You burn the lemure.
The lemure is lightly wounded.
The lemure hits you.
* * * LOW HITPOINT WARNING * * *
The orc priest mumbles some strange prayers to Beogh against you.
Beogh smites you!
You die...

####....##....#
##.......#.....
#..##........# #
#...#.5......######.#
##....##.....#.?.... @
#.....†#Z.....##......
##...5.55.....#.#.....
#...#####.#..†..#
##....Z####@....#
##......##5##..#
#.##...5.K5# .....
#.#.#...#o## ......
B......#.Z.. .......
..###...#............
... ##......###<...@.
#.. =.##..## .
.......#


You could see Pikel, 2 lemures, an orc priest and a leopard gecko skeleton.

Vanquished Creatures
  A bullfrog (D:4)
  An orc priest (D:3)
  A worker ant (D:4)
  6 adders
  An ooze (D:1)
  2 dart slugs
  2 worms
  5 orcs (D:3)
  8 giant cockroaches
  5 hobgoblins
  4 jackals (D:3)
  A quokka (D:3)
  9 bats
  3 frilled lizards
  9 goblins
  6 kobolds
  6 rats
70 creatures vanquished.

Notes
Turn   | Place    | Note
-------+----------+-------------------------------------------
     0 | D:1      | ZorkoN the Troll Fighter began the quest for the Orb.
     0 | D:1      | Reached XP level 1. HP: 22/22 MP: 0/0
   222 | D:1      | Reached XP level 2. HP: 29/29 MP: 1/1
   962 | D:2      | Reached XP level 3. HP: 22/36 MP: 2/2
  1409 | D:2      | Reached XP level 4. HP: 40/44 MP: 3/3
  1619 | D:2      | Found a basalt altar of Yredelemnul.
  1624 | D:2      | Found a glowing golden altar of the Shining One.
  1646 | D:2      | Noticed an angel
  1662 | D:2      | Noticed a profane servitor
  1683 | D:2      | Became a worshipper of the Shining One
  1958 | D:3      | Found a burning altar of Makhleb.
  2096 | D:3      | HP: 2/44 [orc priest/nerve-wracking pain (14)]
  2121 | D:3      | Reached XP level 5. HP: 36/53 MP: 4/4
  2168 | D:3      | Reached skill level 1 in Maces & Flails
  2318 | D:3      | You fall into a shaft and drop 1 floor!
  2322 | D:4      | Noticed a lemure
  2325 | D:4      | Noticed a lemure
  2325 | D:4      | Noticed a lemure
  2325 | D:4      | Noticed Edmund
  2328 | D:4      | Noticed Pikel
  2330 | D:4      | Noticed Sigmund
  2342 | D:4      | Noticed a lemure
  2375 | D:4      | Killed from afar by an orc priest

Illustrated notes

Levels and vault maps discovered:
D:1:      shiori_arrival_oz, layout_basic
D:2:      layout_rooms, grunt_temple_overflow_holy_war,
          chequers_serial_rivers_micro_d
D:3:      layout_rooms, nicolae_overflow_hidden_temple
D:4:      layout_cave_pools, grunt_dithmenos_smoke, kennysheep_mini,
          serial_shops, shop, gammafunk_ghost_split, minmay_ruined_shrine,
          uniq_pikel, uniq_sigmund, uniq_edmund, uniq_natasha

Skill      XL: |  1  2  3  4  5 |
---------------+----------------+-----
Axes           | 2 |  2.5
Dodging        | 3 |  3.7
Fighting       | 3 |  3.2
Maces & Flails | 1 |  1.7
Shields        | 3 |  3.0
Stealth        | |  0.1

Action                   |  1- 3 |  4- 6 || total
-------------------------+-------+-------++-------
Melee: War axe           |   132 |    13 ||   145
       Whip              |       |   118 ||   118
  Use: Scroll            |     8 |     5 ||    13
       Potion            |       |     4 ||     4
Armor: Robe              |    43 |    51 ||    94
Dodge: Dodged            |    51 |    58 ||   109
Block: Kite shield       |    68 |    70 ||   138
